 Dungeon Crawl Stone Soup version 0.19-a0-475-gfca3800 (webtiles) character file.

2212 shklvsk the Chopper (level 9, -8/64 HPs)
             Began as a Demonspawn Skald on June 4, 2016.
             Mangled by a boulder beetle (29 damage)
             ... on level 7 of the Dungeon.
             The game lasted 00:17:58 (8242 turns).

shklvsk the Chopper (Demonspawn Skald)              Turns: 8242, Time: 00:17:58

Health: -8/64      AC: 12    Str: 15    XL:     9   Next: 13%
Magic:  0/12       EV:  6    Int: 14    God:
Gold:   271        SH: 16    Dex: 13    Spells: 5 memorised, 4 levels left

rFire  . . .     SeeInvis .     C - +0 broad axe
rCold  . . .     Gourm    +     A - +1 chain mail {MR+}
rNeg   . . .     Faith    .     o - +2 large shield
rPois  .         Spirit   +     (helmet restricted)
rElec  .         Dismiss  .     s - +0 cloak
rCorr  .         Reflect  .     l - +0 pair of gloves
SustAt .         Harm     .     (no boots)
MR     +....                    u - amulet of the gourmand {Gourm, !d}
Stlth  ..........               (no ring)
                                (no ring)

@: somewhat resistant to hostile enchantments, extremely unstealthy
A: horns 1, spiny 2, magic shield, magic regeneration, sturdy frame 2
a: no special abilities


You were on level 7 of the Dungeon.
You were not hungry.

You visited 2 branches of the dungeon, and saw 8 of its levels.

You collected 299 gold pieces.
You spent 28 gold pieces at shops.

Inventory:

Hand Weapons
 C - a +0 broad axe (weapon)
   (You found it on level 5 of the Dungeon)
Missiles
 a - 2 curare-tipped needles
 e - 269 stones (quivered)
 v - 2 tomahawks
Armour
 l - a +0 pair of gloves (worn)
   (You found it on level 1 of the Dungeon)
 o - a +2 large shield (worn)
   (You found it on level 2 of the Dungeon)
 s - a +0 cloak (worn)
   (You took it off Crazy Yiuf on level 2 of the Dungeon)
 w - a +0 troll leather armour {Purgy}
   (You found it on level 3 of the Dungeon)
 A - a +1 chain mail of magic resistance (worn)
   (You took it off an orc priest on level 3 of the Dungeon)
Jewellery
 u - an amulet of the gourmand (around neck) {Gourm, !d}
   (You found it on level 3 of the Dungeon)
 x - an uncursed ring of ice {rC+, rF-}
   (You found it on level 3 of the Dungeon)
Wands
 y - a wand of acid (0/15)
   (You found it on level 4 of the Dungeon)
 z - a wand of slowing (21/48)
   (You found it on level 7 of the Dungeon)
Scrolls
 b - 3 scrolls of teleportation
 g - 2 scrolls of amnesia
 j - a scroll of enchant weapon
 k - a scroll of enchant armour
 n - a scroll of remove curse
 r - 4 scrolls of identify
Potions
 m - a potion of brilliance
 p - 2 potions of agility
 t - 2 potions of mutation {!q}
 B - a potion of magic
 D - a potion of resistance
Books
 c - a book of Battle
 h - a book of Cantrips
   (You found it on level 4 of the Dungeon)
Comestibles
 d - 3 bread rations {@e1}
 f - a meat ration {@e2}
 i - 3 fruits
 q - 4 beef jerkies


   Skills:
 + Level 3.4 Fighting
 * Level 6.3 Axes
 + Level 3.3 Armour
 + Level 3.4 Dodging
 * Level 5.5 Shields
 - Level 2.0 Spellcasting
 - Level 2.7 Charms
 + Level 4.2 Necromancy
 - Level 2.4 Translocations


You had 4 spell levels left.
You knew the following spells:

 Your Spells              Type           Power        Failure   Level  Hunger
b - Summon Small Mammal   Summ           #...         100%        1    ##.....
g - Apportation           Tloc           #.........   100%        1    ##.....
r - Regeneration          Chrm/Necr      ##........   100%        3    ####...
s - Shroud of Golubria    Chrm/Tloc      #.........   100%        2    ###....
A - Animate Skeleton      Necr           N/A          100%        1    ##.....


Dungeon Overview and Level Annotations

Branches:
Dungeon (7/15)             Temple (1/1) D:5

Altars:
Ashenzari
Cheibriados
Dithmenos
Elyvilon
Fedhas
Hepliaklqana
Kikubaaqudgha
Makhleb
Nemelex Xobeh
Okawaru
Pakellas
Qazlal
Ru
Sif Muna
Trog
Xom
Yredelemnul
Zin
The Shining One

Shops:
D:5 =   D:7 }

Annotations:
D:4 Kidiri's ghost, amateur DEFE; Pikel


Innate Abilities, Weirdness & Mutations

You have a pair of small horns on your head.
You are mostly covered in sharp spines.
When hurt, damage is shared between your health and your magic reserves.
You regenerate magic rapidly.
Your movements are less encumbered by armour. (ER -4)


Message History

You take 3 damage, and have 49/64 hp.
You now have 11/12 mp.
You closely miss the water moccasin skeleton.
You headbutt the water moccasin skeleton, but do no damage.
You block the water moccasin skeleton's attack.
The water moccasin skeleton bites you.
You take 5 damage, and have 44/64 hp.
You now have 10/12 mp.
You closely miss the water moccasin skeleton.
You headbutt the water moccasin skeleton.
The water moccasin skeleton is struck by your spines.
The water moccasin skeleton bites you but does no damage.
The water moccasin skeleton is struck by your spines.
You destroy the water moccasin skeleton!
No target in view!
No target in view!
You start resting.
Health restored: 64; MP restored: 12
D - a fuming amethyst potion
Things that are here:
a giant club; an ogre skeleton
Things that are here:
a flail; an orc skeleton
As you read the scroll labeled UNKOFA BAIT, it crumbles to dust.
You feel aware of your surroundings.
It was a scroll of magic mapping.
Identify which item? (\ to view known items) (? for menu, Esc to quit)
As you read the scroll of identify, it crumbles to dust.
D - a potion of resistance Identify which item? (\ to view known items) (? for menu, Esc to quit)
As you read the scroll of identify, it crumbles to dust.
y - a wand of acid (0/15)
Okay, then.
You now have 263 gold pieces (gained 15).
You now have 271 gold pieces (gained 8).
You see here a potion of lignification {!q}.
There is an open door here.
j - a scroll of enchant weapon
Okay, then.
Partly explored, can't reach some places.
Partly explored, can't reach some places.
There is an open door here.
Things that are here:
a dagger; an orc skeleton; a giant frog skeleton
There is an open door here.
There is an open door here.
There is an open door here.
You see here an adder skeleton.
Things that are here:
a dagger; a robe
Things that are here:
a falchion; a hand axe; a scale mail
There is an entrance to Qoulyoru's Gadget Emporium here.
Really walk onto that pressure plate?
A boulder beetle comes into view.
The boulder beetle twitches its antennae in your direction.
The boulder beetle stops rolling.
You start waiting.
You completely miss the boulder beetle. The boulder beetle closely misses you.
You hit the boulder beetle but do no damage.
The boulder beetle bites you but does no damage.
You hit the boulder beetle but do no damage.
You headbutt the boulder beetle, but do no damage.
You block the boulder beetle's attack.
You hit the boulder beetle. You block the boulder beetle's attack.
You hit the boulder beetle but do no damage.
The boulder beetle bites you but does no damage.
You hit the boulder beetle.
Your headbutt misses the boulder beetle.
You hit the boulder beetle but do no damage.
You block the boulder beetle's attack.
Your chain mail prevents you from hitting the boulder beetle.
The boulder beetle bites you but does no damage.
You hit the boulder beetle but do no damage.
The boulder beetle bites you!!
You take 22 damage, and have 42/64 hp.
MASSIVE DAMAGE!!
You now have 7/12 mp.
You hit the boulder beetle but do no damage.
You block the boulder beetle's attack.
Your shield and chain mail prevent you from hitting the boulder beetle.
You headbutt the boulder beetle, but do no damage.
You block the boulder beetle's attack.
You hit the boulder beetle but do no damage.
You headbutt the boulder beetle, but do no damage.
You hit the boulder beetle but do no damage.
You block the boulder beetle's attack.
You hit the boulder beetle but do no damage.
You headbutt the boulder beetle, but do no damage.
You block the boulder beetle's attack.
You hit the boulder beetle but do no damage.
You headbutt the boulder beetle, but do no damage.
The boulder beetle bites you!
You take 6 damage, and have 37/64 hp.
You now have 8/12 mp.
You slash the boulder beetle!
You headbutt the boulder beetle, but do no damage.
You block the boulder beetle's attack.
You barely miss the boulder beetle. The boulder beetle bites you!!
You take 17 damage, and have 21/64 hp.
MASSIVE DAMAGE!!
You now have 5/12 mp.
You hit the boulder beetle. The boulder beetle bites you!!
You die...

#.........#'#####.# #.
#....)....#.# #.# #.
#.........#.# ###.####.
#.........#.###......).
#.........#.....#...)..
#.........#####.#######
###############........
#.B........#######
*****
#@################
**,,,**
#.#.....####......
*,,,,,****
#.#####....'......
**,,,,,,,*
#..,,,######......
*,,,,,**,* ####*,*
#####'# ### ***,****,*
*,* #.# ..# *,* *,* *,*
#.# ..# *** *,*******,*
#.# ..# *,,,,,,,,,* #.#


You could see a boulder beetle.

Vanquished Creatures
  Menkaure (D:5)
  2 slaves (D:4)
  Purgy (D:3)
  A centaur (D:7)
  A necrophage (D:5)
  3 ogres (D:7)
  A phantom (D:7)
  A giant frog (D:7)
  2 water moccasin skeletons (D:7)
  2 howler monkeys
  3 crimson imps
  A jelly (D:5)
  7 orc wizards
  Crazy Yiuf (D:2)
  4 hounds
  7 orc priests
  Jessica (D:2)
  4 iguanas
  5 worker ants
  Robin (D:4)
  4 gnolls (D:2)
  8 adders
  2 shadow imps
  2 oozes (D:3)
  7 worms
  3 dart slugs
  39 orcs
  7 bats
  4 giant cockroaches
  17 goblins
  12 hobgoblins
  14 jackals
  A giant cockroach zombie (D:5)
  7 giant newts
  8 kobolds
  15 rats
199 creatures vanquished.

Notes
Turn   | Place    | Note
--------------------------------------------------------------
     0 | D:1      | shklvsk the Demonspawn Skald began the quest for the Orb.
     0 | D:1      | Reached XP level 1. HP: 16/16 MP: 3/3
    16 | D:1      | Reached skill level 1 in Armour
    16 | D:1      | Reached skill level 1 in Dodging
   231 | D:1      | Reached skill level 2 in Axes
   234 | D:1      | HP: 4/16 [hobgoblin (2)]
   593 | D:1      | Gained mutation: You are partially covered in sharp spines. [demonic ancestry]
   593 | D:1      | Reached XP level 2. HP: 22/22 MP: 5/5
   799 | D:1      | Learned a level 2 spell: Shroud of Golubria
  1238 | D:1      | Reached skill level 3 in Axes
  1265 | D:1      | Gained mutation: Your movements are slightly less encumbered by armour. (ER -2) [demonic ancestry]
  1265 | D:1      | Reached XP level 3. HP: 20/27 MP: 6/6
  1522 | D:2      | Reached skill level 1 in Translocations
  1675 | D:2      | Found a deep blue altar of Sif Muna.
  1742 | D:2      | Noticed Jessica
  1757 | D:2      | Killed Jessica
  1757 | D:2      | Gained mutation: When hurt, damage is shared between your health and your magic reserves. [demonic ancestry]
  1757 | D:2      | Reached XP level 4. HP: 24/33 MP: 7/7
  1911 | D:2      | Reached skill level 1 in Shields
  2073 | D:2      | Gained mutation: Your movements are less encumbered by armour. (ER -4) [demonic ancestry]
  2073 | D:2      | Reached XP level 5. HP: 38/38 MP: 8/8
  2118 | D:2      | Found a burning altar of Makhleb.
  2226 | D:2      | Noticed Crazy Yiuf
  2304 | D:3      | Reached skill level 4 in Axes
  2410 | D:3      | Noticed Purgy
  2430 | D:3      | Killed Purgy
  2430 | D:3      | Reached skill level 2 in Shields
  2430 | D:3      | Reached skill level 2 in Translocations
  2664 | D:3      | Gained mutation: You regenerate magic rapidly. [demonic ancestry]
  2664 | D:3      | Reached XP level 6. HP: 42/44 MP: 9/9
  2735 | D:3      | HP: 11/44 [orc priest/divine providence (11)]
  2757 | D:2      | Killed Crazy Yiuf
  2760 | D:2      | HP: 11/44 [poisoned by Crazy Yiuf]
  2767 | D:2      | HP: 9/44 [poisoned by Crazy Yiuf]
  2774 | D:2      | HP: 8/44 [poisoned by Crazy Yiuf]
  2782 | D:2      | HP: 7/44 [poisoned by Crazy Yiuf]
  3142 | D:2      | Noticed a moth of wrath
  3151 | D:2      | Found a bloodstained altar of Trog.
  3367 | D:3      | Found a snail-covered altar of Cheibriados.
  3508 | D:3      | Learned a level 3 spell: Regeneration
  3968 | D:4      | HP: 11/44 [worm (3)]
  3988 | D:4      | HP: 10/44 [orc/whip (4)]
  4004 | D:4      | HP: 7/44 [orc priest/divine providence (6)]
  4012 | D:4      | Reached skill level 3 in Shields
  4237 | D:4      | Learned a level 1 spell: Apportation
  4239 | D:4      | Learned a level 1 spell: Animate Skeleton
  4241 | D:4      | Learned a level 1 spell: Summon Small Mammal
  4422 | D:4      | Noticed Pikel
  4508 | D:3      | Found an oddly glowing altar of Pakellas.
  4508 | D:3      | Found an ancient bone altar of Kikubaaqudgha.
  4508 | D:3      | Found an iron altar of Okawaru.
  4509 | D:3      | Found a shadowy altar of Dithmenos.
  4511 | D:3      | Found a shimmering altar of Xom.
  4512 | D:3      | Found a bloodstained altar of Trog.
  4588 | D:3      | Reached skill level 1 in Necromancy
  4588 | D:3      | Gained mutation: You are mostly covered in sharp spines. [demonic ancestry]
  4588 | D:3      | Reached XP level 7. HP: 39/50 MP: 8/10
  4739 | D:4      | Noticed Kidiri's ghost (amateur DEFE)
  5117 | D:4      | Reached skill level 2 in Dodging
  5141 | D:4      | Noticed Robin
  5146 | D:4      | Reached skill level 5 in Axes
  5152 | D:4      | Killed Robin
  5259 | D:4      | Found a glowing golden altar of the Shining One.
  5342 | D:4      | Reached skill level 2 in Necromancy
  5777 | D:5      | Entered Level 5 of the Dungeon
  5777 | D:5      | Found a hazy altar of Hepliaklqana.
  5807 | D:5      | Reached skill level 2 in Armour
  5970 | D:5      | Found Ulloahee's Jewellery Emporium.
  5975 | D:5      | Gained mutation: You have a pair of small horns on your head. [demonic ancestry]
  5975 | D:5      | Reached XP level 8. HP: 51/57 MP: 11/11
  5985 | D:5      | Bought a cursed amulet of inaccuracy for 28 gold pieces
  6011 | D:5      | Reached skill level 4 in Shields
  6124 | D:5      | Noticed Menkaure
  6133 | D:5      | Killed Menkaure
  6349 | D:5      | Reached skill level 3 in Fighting
  6355 | D:5      | Reached skill level 3 in Necromancy
  6410 | D:5      | Found a staircase to the Ecumenical Temple.
  6441 | Temple   | Entered the Ecumenical Temple
  6635 | D:6      | HP: 12/87 [orc warrior/long sword (14)]
  6640 | D:6      | HP: 3/87 [orc warrior/long sword (7)]
  6648 | D:6      | HP: 3/58 [orc warrior/long sword (7)]
  6975 | D:7      | Reached skill level 3 in Dodging
  7185 | D:7      | Found Qoulyoru's Gadget Emporium.
  7247 | D:7      | Reached skill level 6 in Axes
  7275 | D:7      | Reached skill level 5 in Shields
  7315 | D:7      | Reached skill level 3 in Armour
  7720 | D:7      | Reached skill level 4 in Necromancy
  7776 | D:7      | Reached XP level 9. HP: 64/64 MP: 12/12
  8242 | D:7      | Mangled by a boulder beetle

Vault maps used:
D:1:      dpeg_arrival_morbid_curiosity
D:2:      led_sif_pool, makhleb_blood_cavern_becter, minmay_stone_trees_small,
          tgw_trog, uniq_crazy_yiuf_cottage, uniq_jessica
D:3:      minitemple, marbit_many_paths, uniq_purgy
D:4:      tso_oasis_becter, first_bread, uniq_pikel, uniq_robin
D:5:      old_standard_altar, minmay_temple_entry_overgrown, serial_shops,
          shop_statue, uniq_menkaure
D:6:      lemuel_upstairs_altar, gammafunk_temple_overflow_elements,
          serial_shops, shop
D:7:      boulder_indie, serial_shops, shop
Temple:   cyrus_temple_forest_13

Skill      XL: |  1  2  3  4  5  6  7  8 |
---------------+-------------------------+-----
Armour         | 1 2 3 |  3.3
Dodging        | 1 2 3 |  3.4
Axes           | 2 3 4 5 6 |  6.3
Translocations | 1 2 |  2.4
Shields        | 1 2 3 5 |  5.5
Necromancy     | 1 2 4 |  4.2
Fighting       | 3 |  3.4
Spellcasting   | |  2.0
Charms         | |  2.7

Action                   |  1- 3 |  4- 6 |  7- 9 || total
-------------------------+-------+-------+-------++-------
Melee: Hand axe          |    88 |   237 |       ||   325
       War axe           |       |    23 |   119 ||   142
       Broad axe         |       |       |   163 ||   163
       Headbutt          |       |       |    27 ||    27
Evoke: Wand              |       |       |     5 ||     5
  Use: Scroll            |       |     7 |    10 ||    17
       Potion            |       |     3 |     2 ||     5
 Stab: Invisible         |       |     7 |       ||     7
  Eat: Chunk             |     2 |    10 |    13 ||    25
Armor: Leather armour    |    11 |       |       ||    11
       Ring mail         |    18 |    59 |       ||    77
       Chain mail        |       |       |    90 ||    90
       Skin              |       |       |     3 ||     3
Dodge: Dodged            |    59 |    50 |    34 ||   143
Block: Large shield      |    10 |   201 |   258 ||   469

Vault maps used:
D:1:      dpeg_arrival_morbid_curiosity
D:2:      led_sif_pool, makhleb_blood_cavern_becter, minmay_stone_trees_small,
          tgw_trog, uniq_crazy_yiuf_cottage, uniq_jessica
D:3:      minitemple, marbit_many_paths, uniq_purgy
D:4:      tso_oasis_becter, first_bread, uniq_pikel, uniq_robin
D:5:      old_standard_altar, minmay_temple_entry_overgrown, serial_shops,
          shop_statue, uniq_menkaure
D:6:      lemuel_upstairs_altar, gammafunk_temple_overflow_elements,
          serial_shops, shop
D:7:      boulder_indie, serial_shops, shop
Temple:   cyrus_temple_forest_13

Table legend:
 A = Turns spent in this place as a percentage of turns spent in the entire game.
 B = Non-inter-level travel turns spent in this place as a percentage of non-inter-level travel turns spent in the entire game.
 C = Inter-level travel turns spent in this place as a percentage of turns spent in this place.
 D = Turns resting spent in this place as a percentage of non-inter-level travel turns spent in this place.
 E = Turns spent auto-exploring this place as a percentage of non-inter-level travel turns spent in this place.
 F = Non-inter-level travel turns spent in this place divided by the number of levels of this place that you've seen.
                   A       B       C       D       E      F
               +-------+-------+-------+-------+-------+----------------------
         Total | 100.0 | 100.0 |   0.8 |   3.5 |   8.7 | 244.9
       Dungeon |  99.5 |  99.6 |   0.7 |   3.5 |   8.5 | 278.7
        Temple |   0.5 |   0.4 |  11.1 |   0.0 |  75.0 |   8.0
               +-------+-------+-------+-------+-------+----------------------

Table legend:
 A = Kills in this place as a percentage of kills in entire the game.
 B = Kills by you in this place as a percentage of kills by you in the entire game.
 C = Kills by friends in this place as a percentage of kills by friends in the entire game.
 D = Other kills in this place as a percentage of other kills in the entire game.
 E = Experience gained in this place as a percentage of experience gained in the entire game.
 F = Experience gained in this place divided by the number of levels of this place that you have seen.
                   A       B       C       D       E      F
               +-------+-------+-------+-------+-------+----------------------
         Total | 100.0 | 100.0 |  -nan |  -nan | 100.0 | 395.1
       Dungeon | 100.0 | 100.0 |  -nan |  -nan | 100.0 | 451.6
               +-------+-------+-------+-------+-------+----------------------
